AoeStats
← Evan Mason

Black Forest

508370418Analyzed
4v4 RM · 12d ago on Sep 22, 2026· 58m 14s· 8 players
Game mode
Random Map
Map size
Large (8 player)
Population
200
Speed
Normal
Resources
Standard
Victory
Conquest
Starting age
Dark Age
Ending age
Imperial Age
RankedLock teamsTeams togetherTeam positionsShared explorationLock speedFull tech treeHidden civsTurbo modeCheats
Victory
Defeat
802
+6
🇧🇷 Turks · Brazil
779
+7
🇺🇸 Slavs · United States
779
+7
🇨🇦 Britons · Canada
777
+18
🇵🇪 Bulgarians · Peru
651
-10
🇨🇳 Bohemians · China
576
-7
🇺🇸 Slavs · United States
482
-5
🇺🇸 Maya · United States
476
-5
salama20
0:45 Loom
13:26 Feudal Age
16:42 Horse Collar
17:03 Double-Bit Axe
18:53 Arson
22:36 Wheelbarrow
25:20 Forging
25:11 Scale Mail Armor
26:38 Town Watch
31:00 Castle Age
31:22 Gold Mining
32:57 Iron Casting
32:37 Chain Mail Armor
32:23 Padded Archer Armor
32:14 Fletching
33:00 Stone Mining
33:02 Eagle Warrior
34:18 Squires
34:45 Bow Saw
37:16 Stone Shaft Mining
41:03 Imperial Age
40:22 Ballistics
39:43 Treadmill Crane
42:20 Hand Cart
42:08 Town Patrol
42:46 Plate Mail Armor
43:17 Blast Furnace
44:48 Holcans
44:30 Elite Eagle Warrior
45:53 Bodkin Arrow
47:13 Thumb Ring
Zatroinos
15:48 Feudal Age
16:49 Double-Bit Axe
17:54 Horse Collar
21:28 Stone Mining
21:29 Gold Mining
27:13 Castle Age
29:16 Gold Shaft Mining
29:29 Fishing Lines
30:16 Bow Saw
31:46 Stone Shaft Mining
31:29 Caravan
31:42 Gillnets
32:02 Scale Barding Armor
32:33 Forging
34:35 Wheelbarrow
38:12 Imperial Age
38:04 Hand Cart
37:38 Elite Skirmisher
37:41 Pikeman
39:00 Iron Casting
38:47 Chain Barding Armor
42:06 Chemistry
42:13 Blast Furnace
41:48 Plate Barding Armor
41:10 Onager
42:13 Conscription
47:21 Elite Konnik
Evan Mason
8:55 Loom
11:43 Feudal Age
13:18 Horse Collar
22:14 Castle Age
21:11 Wheelbarrow
20:28 Double-Bit Axe
23:28 Heavy Plow
24:06 Town Watch
27:16 Hand Cart
27:38 Bow Saw
30:38 Town Patrol
35:33 Imperial Age
37:16 Two-Man Saw
36:53 Hussite Reforms
37:52 Chemistry
39:50 Squires
39:16 Pikeman
40:12 Forging
39:53 Fletching
41:15 Ballistics
43:34 Elite Skirmisher
43:46 Halberdier
Vengefulone
2:04 Loom
16:53 Feudal Age
16:59 Man-at-Arms
21:26 Scale Mail Armor
22:30 Wheelbarrow
22:47 Forging
28:31 Castle Age
27:41 Fletching
28:53 Town Watch
29:00 Double-Bit Axe
28:58 Horse Collar
28:45 Long Swordsman
29:26 Squires
32:02 Hand Cart
31:49 Town Patrol
32:19 Heavy Plow
33:49 Caravan
34:57 Bow Saw
39:00 Fortified Wall
38:47 Murder Holes
39:05 Bodkin Arrow
39:36 Ballistics
39:28 Masonry
40:37 Detinets
40:46 Gold Mining
40:46 Stone Mining
40:53 Stone Mining
41:25 Padded Archer Armor
44:44 Imperial Age
44:25 Chain Mail Armor
44:45 Heavy Scorpion
45:55 Conscription
45:44 Two-Handed Swordsman
50:01 Gold Shaft Mining
53:08 Siege Engineers
Carpeado BR
0:28 Loom
13:52 Feudal Age
19:33 Castle Age
17:45 Padded Archer Armor
18:38 Double-Bit Axe
21:25 Horse Collar
22:16 Stone Mining
27:34 Heavy Plow
29:37 Gold Mining
30:41 Bow Saw
31:11 Wheelbarrow
34:10 Imperial Age
31:49 Fishing Lines
33:19 Gold Shaft Mining
34:07 Gillnets
34:56 Fletching
37:32 Two-Man Saw
37:04 Town Watch
37:59 Hand Cart
37:17 Elite Janissary
39:05 Town Patrol
41:15 Conscription
41:40 Hoardings
45:23 Ballistics
45:16 Masonry
45:17 Fortified Wall
45:04 Murder Holes
44:50 Treadmill Crane
51:02 Bodkin Arrow
51:23 Leather Archer Armor
kevinfz101006xr
11:16 Feudal Age
17:14 Castle Age
24:34 Stone Mining
24:37 Double-Bit Axe
24:36 Horse Collar
28:46 Gold Mining
29:08 Bow Saw
29:00 Heavy Plow
29:38 Wheelbarrow
31:01 Detinets
31:59 Gold Shaft Mining
32:09 Hand Cart
34:26 Imperial Age
32:44 Scale Barding Armor
32:50 Forging
35:29 Elite Boyar
36:34 Conscription
37:01 Chain Barding Armor
37:16 Iron Casting
36:43 Scale Mail Armor
39:35 Plate Barding Armor
40:00 Blast Furnace
39:43 Caravan
41:38 Padded Archer Armor
41:56 Chain Mail Armor
42:07 Squires
41:28 Pikeman
41:33 Man-at-Arms
41:35 Crossbowman
55:21 Onager
SteelSkin
13:06 Feudal Age
23:06 Castle Age
21:46 Double-Bit Axe
21:45 Horse Collar
22:00 Gold Mining
22:29 Stone Mining
22:58 Man-at-Arms
23:36 Loom
24:56 Man-at-Arms
30:44 Fortified Wall
30:56 Ballistics
33:56 Gold Shaft Mining
33:39 Bow Saw
33:38 Heavy Plow
33:31 Town Watch
34:22 Wheelbarrow
37:27 Imperial Age
39:28 Arrowslits
39:34 Guard Tower
40:45 Chemistry
39:36 Heated Shot
39:41 Murder Holes
39:27 Treadmill Crane
39:14 Elite Longbowman
40:16 Conscription
40:34 Hoardings
39:36 Crossbowman
40:53 Fletching
41:03 Padded Archer Armor
41:04 Scale Mail Armor
40:39 Elite Skirmisher
41:25 Husbandry
40:47 Light Cavalry
42:12 Hand Cart
41:58 Town Patrol
43:03 Two-Man Saw
43:17 Bodkin Arrow
43:38 Leather Archer Armor
43:33 Forging
43:39 Chain Mail Armor
43:30 Scale Barding Armor
45:03 Cavalier
46:25 Keep
48:05 Yeomen
48:31 Warwolf
48:36 Bracer
49:07 Ring Archer Armor
49:13 Iron Casting
48:59 Siege Engineers
49:05 Masonry
50:15 Plate Mail Armor
50:07 Chain Barding Armor
53:11 Guilds
53:32 Coinage
53:02 Caravan
53:17 Sappers
55:02 Plate Barding Armor
55:28 Blast Furnace
54:44 Caravan
58:13 Capped Ram
第四集团军司令李宗仁
5:44 Loom
12:48 Feudal Age
13:15 Double-Bit Axe
13:21 Gold Mining
13:15 Horse Collar
17:22 Castle Age
18:16 Bow Saw
18:07 Heavy Plow
18:41 Gold Mining
21:36 Stone Mining
25:36 Stone Shaft Mining
25:09 Caravan
28:46 Gold Shaft Mining
31:01 Forging
30:51 Scale Mail Armor
30:56 Scale Barding Armor
30:14 Light Cavalry
31:06 Bloodlines
32:57 Iron Casting
32:37 Chain Mail Armor
35:15 Chain Barding Armor
34:46 Fletching
34:56 Padded Archer Armor
39:59 Imperial Age
37:26 Bodkin Arrow
41:11 Conscription
40:29 Elite Ballista Elephant
41:16 Double Crossbow
45:39 Hussar
46:22 Bracer
47:23 Blast Furnace
46:58 Plate Barding Armor
46:39 Leather Archer Armor
Connection lost

Rejoining the realm…

Still unreachable

The connection could not be restored.

Session expired

The server has moved on; the page needs a fresh start.